 Dungeon Crawl Stone Soup version 0.23-b1-6-ga921848b48 (webtiles) character file.

Game seed: 2167132107387821104

2371 Oravi the Carver (level 9, -6/82 HPs)
             Began as a Naga Warper on Feb 1, 2019.
             Was a Follower of Cheibriados.
             Mangled by Harold
             ... wielding a +0 dire flail
              (14 damage)
             ... on level 7 of the Dungeon.
             The game lasted 01:03:44 (8994 turns).

Oravi the Carver (Naga Warper)                      Turns: 8994, Time: 01:03:45

Health: -6/82      AC: 12    Str: 17    XL:     9   Next: 45%
Magic:  7/12       EV:  8    Int: 20    God:    Cheibriados [*.....]
Gold:   482        SH:  9    Dex: 13    Spells: 5/12 levels left

rFire    . . .     SeeInvis +   n - +2 short sword (venom)
rCold    . . .     Gourm    .   C - +0 shield
rNeg     . . .     Faith    .   u - +0 ring mail
rPois    +         Spirit   .   L - +2 helmet
rElec    .         Reflect  .   K - +1 cloak
rCorr    .         Harm     .   z - +0 pair of gloves
MR       +....                  (no barding)
Stlth    +.........             x - amulet of the acrobat
HPRegen  0.23/turn              p - +1 ring of evasion
MPRegen  0.13/turn              D - +1 ring of protection

@: marked, studying Hexes, very slow
A: large, see invisible, deformed body, poison resistance, slowness 2, slow
metabolism 1, spit poison 1, AC +3
a: Spit Poison, Bend Time, Renounce Religion


You were on level 7 of the Dungeon.
You worshipped Cheibriados.
Cheibriados was aware of your devotion.
You were hungry.

You visited 2 branches of the dungeon, and saw 8 of its levels.
You also visited: Sewer.

You collected 482 gold pieces.

Inventory:

Hand Weapons
 a - a +0 falchion
 n - a +2 short sword of venom (weapon)
Missiles
 e - 3 tomahawks of dispersal
 A - 131 arrows
 B - 4 tomahawks (quivered)
Armour
 b - a +0 leather armour
 j - a +1 hat
 u - a +0 ring mail (worn)
 z - a +0 pair of gloves (worn)
 C - a +0 shield (worn)
 F - +0 fire dragon scales
 K - a +1 cloak (worn)
 L - a +2 helmet (worn)
 M - a +1 robe of the Archmagi
Jewellery
 g - an uncursed ring of resist corrosion
 p - a +1 ring of evasion (left hand)
 x - an amulet of the acrobat (around neck)
 D - a +1 ring of protection (right hand)
 R - the amulet "Febeank" {Gourm +Fly rElec Int+8}
   (You took it off a centaur on level 7 of the Dungeon)

   [amulet of the gourmand]

   It allows you to eat raw meat even when not hungry.
   It affects your intelligence (+8).
   It insulates you from electricity.
   It lets you fly.
Wands
 i - a wand of acid (3)
 G - a wand of polymorph (1)
 S - a wand of disintegration (11)
Scrolls
 c - a scroll of amnesia {unknown}
 d - 2 scrolls of blinking
 l - 2 scrolls of fear {unknown}
 s - a scroll of noise {unknown}
 t - 2 scrolls of enchant armour {unknown}
 v - 3 scrolls of magic mapping
 y - 5 scrolls of teleportation
 I - 2 scrolls of remove curse {unknown}
 J - a scroll of identify {@r1}
 O - a scroll of random uselessness {unknown}
 Q - a scroll of torment {unknown}
Potions
 h - 2 potions of haste
 k - a potion of brilliance
 m - a potion of mutation
 o - 3 potions of might
 r - 3 potions of magic
 w - 2 potions of cancellation
 E - 3 potions of invisibility
 H - 2 potions of ambrosia {unknown}
 N - a potion of degeneration {unknown}
Books
 P - a manual of Hexes
Comestibles
 f - 13 rations
 T - 6 chunks of flesh


   Skills:
 + Level 6.1 Fighting
 * Level 9.4 Long Blades
 - Level 0.8 Throwing
 - Level 0.7 Armour
 - Level 1.5 Dodging
 + Level 4.1 Shields
 - Level 2.0 Spellcasting
 - Level 4.0 Translocations


You had 5 spell levels left.
You knew the following spells:

 Your Spells              Type           Power        Failure   Level  Hunger
a - Shroud of Golubria    Chrm/Tloc      ##........   50%         2    ##.....
b - Blink                 Tloc           N/A          24%         2    ##.....
c - Teleport Other        Tloc           ###.....     43%         3    ###....

Your spell library contained the following spells:

 Spells                   Type           Power        Failure   Level  Hunger
 Gell's Gravitas          Tloc           ###.......   43%         3    ###....
 Lesser Beckoning         Tloc           ###.......   43%         3    ###....
 Passage of Golubria      Tloc           N/A          85%         4    #####..


Dungeon Overview and Level Annotations

Branches:
Dungeon (7/15)             Temple (1/1) D:6

Altars:
Ashenzari
Cheibriados
Dithmenos
Elyvilon
Fedhas
Gozag
Hepliaklqana
Kikubaaqudgha
Makhleb
Nemelex Xobeh
Okawaru
Qazlal
Ru
Sif Muna
Trog
Uskayaw
Vehumet
Xom
Yredelemnul
Zin
The Shining One

Shops:
D:6 }

Annotations:
D:7 1 exclusion, Harold


Innate Abilities, Weirdness & Mutations

You cannot wear boots.
Your serpentine skin is tough. (AC +3)
You have supernaturally acute eyesight. (SInv)
Armour fits poorly on your strangely shaped body.
Your system is resistant to poisons. (rPois)
You cover ground very slowly.
You have a slow metabolism.
You can spit poison.


Message History

You are feeling hungry.
Evoke which item? (* to show all) (? for menu, Esc to quit)
Aiming: Disintegrate
Aim: Harold, wielding a +0 dire flail and wearing a +2 scale mail of cold resistance (severely wounded, poisoned, chance to defeat MR: 30%) Harold easily resists.
Evoke which item? (* to show all) (? for menu, Esc to quit)
Aiming: Disintegrate
Aim: Harold, wielding a +0 dire flail and wearing a +2 scale mail of cold resistance (severely wounded, poisoned, chance to defeat MR: 30%) Harold easily resists.
Harold casts a spell at you. The mark upon you grows brighter.
Evoke which item? (* to show all) (? for menu, Esc to quit)
Aiming: Disintegrate
Aim: Harold, wielding a +0 dire flail and wearing a +2 scale mail of cold resistance (severely wounded, poisoned, chance to defeat MR: 30%) Harold is blasted!
You block Harold's attack.
Evoke which item? (* to show all) (? for menu, Esc to quit)
Aiming: Corrosive Bolt
Aim: Harold, wielding a +0 dire flail and wearing a +2 scale mail of cold resistance (almost dead, poisoned)
The bolt of acid misses Harold.
Harold hits you with a +0 dire flail!
You die...

##### ##...##
##...@.## #...@...#
#.......# #.......#
##........ #.......#.
.#
#..:..>.####.###....#.
#................... .
##.....#..............


You could see Harold.

Vanquished Creatures
  Prince Ribbit (D:7)
  Sigmund (D:5)
  A golden eye (D:6)
  3 sky beasts (D:6)
  An ogre (D:7)
  A phantom (D:7)
  A centaur (D:7)
  A crocodile (D:7)
  A bullfrog (D:7)
  A gnoll sergeant (D:7)
  A scorpion (D:5)
  6 killer bees (D:7)
  A howler monkey (D:3)
  3 crimson imps
  A centaur zombie (D:7)
  An orc priest (D:3)
  A bullfrog skeleton (D:7)
  A bullfrog zombie (D:7)
  A hound (D:7)
  An orc wizard (D:3)
  3 centaur skeletons
  3 iguanas
  4 worker ants
  A worker ant zombie (D:7)
  5 gnolls (D:7)
  11 adders
  An ooze (D:3)
  An adder skeleton (D:6)
  3 worms
  3 dart slugs
  11 leopard geckos
  5 orcs
  6 ball pythons
  7 giant cockroaches
  8 goblins
  9 hobgoblins
  A quokka (D:7)
  8 bats (D:1)
  15 frilled lizards
  3 jackal skeletons
  9 kobolds
  A leopard gecko skeleton (D:4)
  A quokka skeleton (D:4)
  16 rats
  A bush (D:3)
165 creatures vanquished.

Notes
Turn   | Place    | Note
-------+----------+-------------------------------------------
     0 | D:1      | Oravi the Naga Warper began the quest for the Orb.
     0 | D:1      | Reached XP level 1. HP: 19/19 MP: 3/3
   227 | D:1      | Reached XP level 2. HP: 26/26 MP: 5/5
   231 | D:1      | Learned a level 2 spell: Shroud of Golubria
   461 | D:1      | Reached skill level 3 in Long Blades
   920 | D:1      | Reached XP level 3. HP: 27/32 MP: 6/6
   924 | D:1      | Learned a level 2 spell: Blink
  1564 | D:2      | Found a shimmering altar of Xom.
  1564 | D:2      | Found an ancient bone altar of Kikubaaqudgha.
  1565 | D:2      | Found a bloodstained altar of Trog.
  1617 | D:2      | Reached skill level 4 in Long Blades
  1639 | D:2      | Reached XP level 4. HP: 19/39 MP: 7/7
  2134 | D:2      | Found a faded altar of an unknown god.
  2230 | D:2      | Found a sacrificial altar of Ru.
  2233 | D:2      | Found a glowing silver altar of Zin.
  2236 | D:2      | Found a shadowy altar of Dithmenos.
  2765 | D:3      | Found a glowing drain.
  2814 | Sewer    | Entered a sewer
  2904 | Sewer    | Reached skill level 5 in Long Blades
  2904 | Sewer    | Reached XP level 5. HP: 39/45 MP: 8/8
  3538 | D:3      | Found a bloodstained altar of Trog.
  3989 | D:3      | Found a stormy altar of Qazlal.
  3993 | D:3      | Found a blossoming altar of Fedhas.
  4226 | D:3      | Reached XP level 6. HP: 50/55 MP: 9/9
  4245 | D:3      | Found an opulent altar of Gozag.
  4570 | D:4      | Reached skill level 6 in Long Blades
  5336 | D:5      | Entered Level 5 of the Dungeon
  5341 | D:5      | Learned a level 3 spell: Teleport Other
  5533 | D:5      | Noticed Sigmund
  5631 | D:5      | Reached skill level 1 in Shields
  5631 | D:5      | Reached XP level 7. HP: 53/62 MP: 10/10
  6122 | D:5      | Killed Sigmund
  6427 | D:6      | Reached skill level 7 in Long Blades
  6482 | D:6      | Reached XP level 8. HP: 66/73 MP: 11/11
  6907 | D:6      | Noticed a hippogriff
  6908 | D:6      | Noticed an unseen horror
  6908 | D:6      | a hippogriff changed into an unseen horror
  6910 | D:6      | an unseen horror changed into a golden eye
  7143 | D:6      | Found Zischero's Gadget Boutique.
  7191 | D:6      | Found a staircase to the Ecumenical Temple.
  7200 | Temple   | Entered the Ecumenical Temple
  7251 | Temple   | Became a worshipper of Cheibriados the Contemplative
  7852 | D:7      | Reached skill level 8 in Long Blades
  7861 | D:7      | Reached skill level 5 in Fighting
  8150 | D:7      | Noticed Prince Ribbit
  8177 | D:7      | Killed Prince Ribbit
  8177 | D:7      | Reached * piety under Cheibriados
  8177 | D:7      | Reached XP level 9. HP: 54/82 MP: 12/12
  8406 | D:7      | Reached skill level 9 in Long Blades
  8652 | D:7      | Noticed Harold
  8694 | D:7      | Identified the amulet "Febeank" {Gourm +Fly rElec Int+8}
  8698 | D:7      | Found an opulent altar of Gozag.
  8994 | D:7      | Mangled by Harold

Skill      XL: |  1  2  3  4  5  6  7  8  9 |
---------------+----------------------------+-----
Long Blades    | 3 4 5 6 7 8 9 |  9.4
Fighting       | 3 4 5 6 |  6.1
Shields        | 1 2 3 4 |  4.1
Translocations | 4 |  4.0
Throwing       | |  0.8
Armour         | |  0.7
Dodging        | |  1.5
Spellcasting   | |  2.0

Action                   |  1- 3 |  4- 6 |  7- 9 || total
-------------------------+-------+-------+-------++-------
Melee: Falchion          |   119 |    45 |       ||   164
       Short sword       |       |   203 |   347 ||   550
Throw: Tomahawk          |       |     1 |     5 ||     6
 Cast: Blink             |       |       |     3 ||     3
 Abil: Spit Poison       |    11 |    41 |    28 ||    80
Evoke: Wand              |       |       |     7 ||     7
  Use: Scroll            |       |     7 |     6 ||    13
       Potion            |       |     1 |     2 ||     3
 Stab: Sleeping          |     1 |       |       ||     1
       Distracted        |       |       |     1 ||     1
  Eat: Chunk             |     2 |    12 |    12 ||    26
Armor: Leather armour    |    56 |    23 |    78 ||   157
       Ring mail         |       |    28 |    17 ||    45
Dodge: Dodged            |    73 |    93 |   135 ||   301
Block: Shield            |       |     9 |   116 ||   125
       Rpst.: Falchion   |    25 |     7 |       ||    32
